 Dungeon Crawl Stone Soup version bcrawl-1.21.2-1-g32d02e0829 (webtiles) character file.

Game seed: 12487157644445681007

147 Mrkan the Cudgeler (level 5, -3/41 HPs)
             Began as a Demonspawn Gladiator on Feb 23, 2020.
             Was an Initiate of Ashenzari.
             Killed by divine providence
             ... invoked by an orc priest
              (17 damage)
             ... on level 3 of the Dungeon.
             The game lasted 00:04:49 (2731 turns).

Mrkan the Cudgeler (Demonspawn Gladiator)           Turns: 2731, Time: 00:04:50

Health: -3/41      AC:  8    Str: 15    XL:     5   Next: 8%
Magic:  5/5        EV: 12    Int:  9    God:    Ashenzari [......]
Gold:   143        SH:  0    Dex: 15    Spells: 4/4 levels left

rFire    + . .     SeeInvis .   u - +2 mace (crush) (curse)
rCold    . . .     Gourm    .   (no shield)
rNeg     . . .     Faith    .   i - +0 ring mail
rPois    .         Spirit   .   (helmet restricted)
rElec    .         Reflect  .   (no cloak)
rCorr    .         Harm     .   l - +0 pair of gloves (curse)
MR       .....                  (no boots)
Stlth    +.........             (no amulet)
HPRegen  0.13/turn              (no ring)
MPRegen  0.09/turn              (no ring)

@: no status effects
A: horns 1, yellow scales 1, fire resistance 1
a: Curse Item, Renounce Religion


You were on level 3 of the Dungeon.
You worshipped Ashenzari.
Ashenzari was noncommittal.
You were not hungry.

You visited 1 branch of the dungeon, and saw 3 of its levels.

You collected 143 gold pieces.

Inventory:

Hand Weapons
 u - a cursed +2 mace of crushing (weapon)
Missiles
 d - 4 throwing nets (quivered) {!f}
Armour
 c - a +0 helmet
 i - a +0 ring mail (worn)
 l - a cursed +0 pair of gloves (worn)
Jewellery
 h - a cursed amulet of inaccuracy
Scrolls
 f - 3 scrolls of teleportation {unknown}
 k - a scroll of amnesia {unknown}
 m - 2 scrolls of fog {unknown}
 o - a scroll of enchant weapon {unknown}
 p - 2 scrolls of identify {unknown}
 r - a scroll of magic mapping {unknown}
 t - a scroll of enchant armour {unknown}
Potions
 b - a potion of agility {unknown}
 g - a potion of degeneration {unknown}
 j - a potion of curing {unknown}
 n - 3 potions of brilliance {unknown}
 q - a potion of haste {unknown}
Comestibles
 e - 6 rations {!d}
 s - 3 chunks of flesh


   Skills:
 + Level 3.0 Fighting
 * Level 4.1 Maces & Flails
 - Level 2.0 Throwing
 + Level 3.4 Dodging


You had 4 spell levels left.
You didn't know any spells.
Your spell library was empty.

Dungeon Overview and Level Annotations

Branches:
Dungeon (3/12)

Altars:
Ashenzari


Innate Abilities, Weirdness & Mutations

You have a pair of small horns on your head.
You are partially covered in yellow scales. (AC +2)
Your flesh is heat resistant. (rF+)


Message History

You hit the orc.
The orc is moderately wounded.
The iguana bites you but does no damage.
The orc wizard barely misses you. The rat misses you.
The orc priest closely misses you. The orc barely misses you.
The iguana bites you.
You hit the orc.
The orc is almost dead.
The orc wizard mumbles some strange words.
The orc wizard seems to speed up.
The rat misses you.
The orc priest calls down the wrath of Beogh upon you.
Pain shoots through your body! The orc barely misses you.
The iguana completely misses you. The orc wizard closely misses you.
You closely miss the orc priest.
The orc priest is moderately wounded.
The orc wizard barely misses you. The rat barely misses you.
The iguana barely misses you. The orc hits you but does no damage.
The orc priest calls down the wrath of Beogh upon you.
Beogh smites you!
You die...

#.#....######...
##.#.............
...........#####
##..........#
##..........#
#.........!.#
..#......<..#
.##...r.....#
##..o@l..##
#...oo....#
#............
............###
###.........#
#.........#
##.......##
##.....##


You could see an iguana, an orc priest, an orc wizard, an orc and a rat.

Vanquished Creatures
  Robin (D:2)
  6 adders
  An adder skeleton (D:2)
  2 worms
  2 dart slugs
  A leopard gecko (D:1)
  An orc (D:3)
  A ball python (D:3)
  2 giant cockroaches (D:1)
  14 goblins
  6 hobgoblins
  2 jackals (D:1)
  12 kobolds
  6 bats
  6 frilled lizards
  7 rats
70 creatures vanquished.

Notes
Turn   | Place    | Note
-------+----------+-------------------------------------------
     0 | D:1      | Mrkan the Demonspawn Gladiator began the quest for the Orb.
     0 | D:1      | Reached XP level 1. HP: 16/16 MP: 1/1
   449 | D:1      | Gained mutation: You are partially covered in yellow
                  | scales. (AC +2) [demonic ancestry]
   449 | D:1      | Reached XP level 2. HP: 22/22 MP: 2/2
   473 | D:1      | Reached skill level 3 in Maces & Flails
   826 | D:1      | Gained mutation: You have a pair of small horns on your
                  | head. [demonic ancestry]
   826 | D:1      | Reached XP level 3. HP: 28/28 MP: 3/3
  1599 | D:2      | Gained mutation: Your flesh is heat resistant. (rF+)
                  | [demonic ancestry]
  1599 | D:2      | Reached XP level 4. HP: 31/34 MP: 4/4
  1628 | D:2      | Noticed Robin
  1651 | D:2      | Killed Robin
  2431 | D:3      | Reached skill level 4 in Maces & Flails
  2629 | D:3      | Reached XP level 5. HP: 37/41 MP: 5/5
  2639 | D:3      | Found a shattered altar of Ashenzari.
  2655 | D:3      | Became a worshipper of Ashenzari the Shackled
  2723 | D:3      | Noticed a phantom
  2731 | D:3      | Killed from afar by an orc priest

Skill      XL: |  1  2  3  4 |
---------------+-------------+-----
Throwing       | 2 |  2.0
Maces & Flails | 3 4 |  4.1
Dodging        | 3 |  3.4
Fighting       | 3 |  3.0

Action                   |  1- 3 |  4- 6 || total
-------------------------+-------+-------++-------
Melee: Flail             |   108 |    73 ||   181
       Headbutt          |     9 |    11 ||    20
       Mace              |       |    17 ||    17
Invok: Curse Item        |       |     2 ||     2
  Eat: Chunk             |     2 |     4 ||     6
Armor: Ring mail         |    60 |    52 ||   112
Dodge: Dodged            |    82 |    88 ||   170
